 Dungeon Crawl Stone Soup version 0.32-a0-841-g4648e6c (webtiles) character file.

Game seed: 14480269251681860305

1014 Dorkslayer the Sneak (level 8, -1/54 HPs)
             Began as an Octopode Fighter on Mar 26, 2024.
             Slain by a gnoll
             ... wielding a +0 halberd
              (12 damage)
             ... on level 6 of the Dungeon.
             The game lasted 00:10:40 (4682 turns).

Dorkslayer the Sneak (Octopode Fighter)             Turns: 4682, Time: 00:10:40

Health: -1/54      AC:  1    Str: 18    XL:     8   Next: 21%
Magic:  8/8        EV: 11    Int: 10    God:
Gold:   264        SH: 13    Dex: 11    Spells: 7/7 levels left

rFire   . . .        a - +1 war axe
rCold   . . .        m - +0 kite shield
rNeg    . . .        (helmet restricted)
rPois   .            u - amulet of reflection
rElec   .            (no ring)
rCorr   .            (no ring)
SInv    .            (no ring)
Will    .....        (no ring)
Stlth   ++++         (no ring)
HPRegen 0.29/turn    (no ring)
MPRegen 0.11/turn    (no ring)
                     (no ring)

%: reflection
@: no status effects
A: almost no armour, amphibious, 8 rings, camouflage 1, gelatinous body 1,
(nimble swimmer 1), tentacles
a: no special abilities


You were on level 6 of the Dungeon.
You visited 1 branch of the dungeon, and saw 6 of its levels.

You collected 264 gold pieces.

Inventory:

Hand Weapons
 a - a +1 war axe (weapon)
 c - a +1 mace of holy wrath
Missiles
 b - 6 curare-tipped darts (quivered)
 i - 2 darts of dispersal
 v - 2 boomerangs
Armour
 m - a +0 kite shield (worn)
Jewellery
 u - an amulet of reflection (around mantle)
Talismans
 e - a flux talisman
 l - a granite talisman
Wands
 f - a wand of quicksilver (13)
 t - a wand of digging (6)
Scrolls
 g - 2 scrolls of teleportation
 n - a scroll of amnesia
 q - 2 scrolls of fog
Potions
 d - 2 potions of lignification
 h - a potion of brilliance
 j - a potion of magic
 k - a potion of heal wounds


   Skills:
 + Level 4.0 Fighting
 + Level 5.2 Axes
 + Level 4.0 Dodging
 + Level 5.4 Stealth
 + Level 4.6 Shields
 * Level 3.0 Evocations
 * Level 2.4 Shapeshifting


You had 7 spell levels left.
You didn't know any spells.
Your spell library contained the following spells:

 Spells                   Type           Power      Damage    Failure   Level
 Apportation              Tloc           0%         N/A       67%         1
 Foxfire                  Conj/Fire      0%         2x1d4     67%         1
 Jinxbite                 Hex            0%         N/A       82%         2
 Alistair's Intoxication  Alch           0%         N/A       100%        5


Dungeon Overview and Level Annotations

Branches:
Dungeon (6/15)
 Temple: D:4-7

Altars:

Shops:
D:3 [

Annotations:
D:3 2 runed translucent doors, poml's ghost, amateur DsGl


Innate Abilities, Weirdness & Mutations

You cannot wear most types of armour.
You are amphibious.
You can wear up to eight rings at the same time.
Your skin changes colour to match your surroundings (Stealth+).
Your rubbery body absorbs attacks. (AC +1, EV +1)
((You are camouflaged when in or above water. (Stealth+)))
You have tentacles for arms and can constrict up to eight enemies at once.


Message History

Found 12 gold pieces.
There is an open door here.
A gnoll comes into view. It is wielding a +0 whip.
Found a stone staircase leading up.
The gnoll hits you with a +0 club.
The gnoll shouts!
You slash the gnoll!
You kill the gnoll!
You hear a shout!
A gnoll comes into view. It is wielding a +0 halberd.
Things that are here:
a +0 club; a gnoll corpse You block the gnoll's attack.
You barely miss the gnoll. You grab the gnoll. You constrict the gnoll!
A gnoll comes into view. It is wielding a +0 halberd.
You block the gnoll's attack. The gnoll completely misses you.
The gnoll shouts!
You slash the gnoll!
You kill the gnoll!
You hear a shout!
The gnoll hits you from afar with a +0 halberd!
The gnoll misses you.
The gnoll hits you from afar with a +0 halberd!
Things that are here:
a +0 whip; a gnoll corpse You barely miss the gnoll.
Your grab misses the gnoll.
The gnoll hits you from afar with a +0 halberd!
You block the gnoll's attack. x2
The gnoll hits you from afar with a +0 halberd!
* * * LOW HITPOINT WARNING * * *
You barely miss the gnoll. You grab the gnoll. You constrict the gnoll!
The gnoll barely misses you. You block the gnoll's attack.
Unknown command.
You hit the gnoll.
You squeeze the gnoll, but do no damage.
The gnoll is severely wounded.
You constrict the gnoll. You block the gnoll's attack. x2
You slash the gnoll!
You kill the gnoll!
The gnoll hits you from afar with a +0 halberd!
You die...

.$.......# #........#
#.########........##.
#.#†.....'..........
#.#.######........#
###.#.# #........#
#.....# #..).....#
#.....# #........#
#.....# #....@...#
.##.#.# #....)...#
#.#.# .........g.#
#.#.## #####.###.##
#.#.<# #.. .. ####
### .## #


You could see a gnoll.

Vanquished Creatures
  A black bear (D:4)
  A phantom (D:5)
  2 gnoll sergeants (D:5)
  A jelly (D:5)
  A bombardier beetle (D:4)
  A hound (D:3)
  A sleepcap (D:4)
  A gnoll bouda (D:4)
  An orc priest (D:3)
  Ijyb (D:4)
  2 orc wizards (D:3)
  4 iguanas (D:5)
  20 gnolls
  8 adders
  2 ribbon worms
  11 orcs
  12 ball pythons
  4 bats
  6 endoplasms
  3 giant cockroaches
  3 goblins
  6 hobgoblins
  2 quokkas
  5 frilled lizards
  8 kobolds
  9 rats
116 creatures vanquished.

Notes
Turn   | Place    | Note
-------+----------+-------------------------------------------
     0 | D:1      | Dorkslayer the Octopode Fighter began the quest for the
                  | Orb.
     0 | D:1      | Reached XP level 1. HP: 16/16 MP: 1/1
   136 | D:1      | Found a faded altar of an unknown god.
   144 | D:1      | Got Plato's Collected Works on Fever
   147 | D:1      | Reached XP level 2. HP: 21/21 MP: 2/2
  1008 | D:2      | Reached skill level 1 in Stealth
  1008 | D:2      | Reached XP level 3. HP: 26/26 MP: 3/3
  1944 | D:3      | Reached XP level 4. HP: 26/31 MP: 4/4
  2012 | D:3      | Reached skill level 1 in Shapeshifting
  2020 | D:3      | HP: 1/31 [kobold/+0 short sword (3)]
  2021 | D:3      | Reached XP level 5. HP: 1/36 MP: 5/5
  2049 | D:3      | Reached skill level 1 in Evocations
  2680 | D:3      | Found Wasonovu's Armour Shop.
  2865 | D:3      | Found a runed translucent gate.
  2865 | D:3      | Found a runed translucent gate.
  2866 | D:3      | Noticed poml's ghost (amateur DsGl)
  2874 | D:3      | Noticed a kobold brigand
  2896 | D:4      | Noticed Ijyb
  2901 | D:4      | Killed Ijyb
  2902 | D:4      | Reached XP level 6. HP: 35/42 MP: 6/6
  3390 | D:4      | Reached XP level 7. HP: 20/46 MP: 7/7
  3731 | D:5      | Entered Level 5 of the Dungeon
  4050 | D:5      | Reached skill level 5 in Axes
  4050 | D:5      | Reached skill level 5 in Stealth
  4211 | D:5      | Reached XP level 8. HP: 42/54 MP: 8/8
  4682 | D:6      | Slain by a gnoll

Illustrated notes

Levels and vault maps discovered:
D:1:      dpeg_arrival_prison, layout_loops_corners,
          shapermc_ecumenical_altar_rom_forum, minmay_stone_trees_medium
D:2:      layout_basic, amcnicky_mini_pool_small, minmay_shallow_snake_nest
D:3:      layout_loops_ring, gammafunk_ghost_nasty_kobolds, serial_shops, shop,
          minmay_vboxes
D:4:      layout_loops_ring, skrybe_limestone_x, uniq_ijyb
D:5:      layout_gridville
D:6:      layout_basic, mainiacjoe_overflow_chevrons, dancing_weapons_uskayaw

Skill      XL: |  1  2  3  4  5  6  7  8 |
---------------+-------------------------+-----
Stealth        | 1 2 3 4 5 |  5.4
Axes           | 3 4 5 |  5.2
Shapeshifting  | 1 2 |  2.4
Evocations     | 1 2 3 |  3.0
Dodging        | 4 |  4.0
Shields        | 4 |  4.6
Fighting       | 4 |  4.0

Action                     |  1- 3 |  4- 6 |  7- 9 || total
---------------------------+-------+-------+-------++-------
  Melee: War axe           |    60 |   106 |    67 ||   233
         Constrict         |    17 |    25 |    16 ||    58
         Tentacles         |    10 |    20 |    17 ||    47
  Throw: Boomerang         |       |     1 |     3 ||     4
  Evoke: Wand              |       |       |     1 ||     1
    Use: Potion            |     1 |     7 |     2 ||    10
         Scroll            |       |    11 |     4 ||    15
   Stab: Sleeping          |    10 |     4 |     5 ||    19
         Distracted        |       |     1 |       ||     1
         Invisible         |       |       |     4 ||     4
 Armour: Skin              |    32 |    67 |    26 ||   125
  Dodge: Dodged            |    25 |    54 |    29 ||   108
  Block: Buckler           |     8 |    42 |    19 ||    69
         Reflection        |       |     2 |       ||     2
         Kite shield       |       |       |    20 ||    20

Table legend: (Time is in decaauts)
 A = Elapsed time spent in this place.
 B = Non-inter-level travel time spent in this place.
 C = Inter-level travel time spent in this place.
 D = Time resting spent in this place.
 E = Time spent auto-exploring this place.
 F = Levels seen in this place.
 G = Mean time per level.
                   A        B        C        D        E       F      G
               +--------+--------+--------+--------+--------+-----+--------+
         Total |   4782 |   4782 |      0 |      0 |   2822 |   6 |  797.0 |
       Dungeon |   4782 |   4782 |      0 |      0 |   2822 |   6 |  797.0 |
               +--------+--------+--------+--------+--------+-----+--------+

Top non-repeatable levels by time:
     D:3: 1027 daAuts
     D:1: 981 daAuts
     D:5: 945 daAuts
     D:2: 931 daAuts
     D:4: 863 daAuts
     D:6: 32 daAuts
